Cogmind - Beta 14 @@@ ROGUE MODE // 2024.10.07 @ 13:02:33 Player: Awoo-Bot Result: Destroyed by D-53 Grenadier with Mini Grenade Launcher Performance ------------- Evolutions (0) 0 Regions Visited (2) 400 Robots Destroyed (31) 155 Value Destroyed (667) 667 Prototype IDs (0) 0 Alien Tech Used (0) 0 Bonus (40) 40 TOTAL SCORE: 1262 Bonus ------- High Alert Combat Kills 40 Cogmind --------- Core Integrity 0/250 Matter 200/300 Energy 75/100 System Corruption 0% Temperature Cool (15) Movement Core (400) Ox7 Location -10/Mines Parts ------- > --- POWER (1) -------- (None) > --- PROPULSION (2) --- (None) > --- UTILITY (2) ------ Large Storage Unit > --- WEAPON (2) ------- Beam Rifle > --- INVENTORY (15) --- Light Ion Engine Light Treads Compact Wheel Compact Wheel Beam Rifle Beam Rifle Beam Rifle Heavy Assault Rifle Heavy Assault Rifle Heavy Assault Rifle Light Cannon Rocket Launcher Rocket Launcher Datajack Peak State ------------ > --- POWER ------------ Ion Engine > --- PROPULSION ------- Light Treads Compact Wheel > --- UTILITY ---------- Heat Sink Large Storage Unit > --- WEAPON ----------- Beam Cannon Rocket Launcher > --- INVENTORY -------- Light Ion Engine Light Treads Compact Wheel Compact Wheel Beam Rifle Beam Rifle Beam Rifle Beam Rifle Heavy Assault Rifle Heavy Assault Rifle Heavy Assault Rifle Heavy Assault Rifle Light Cannon Rocket Launcher Datajack [Rating: 10] Favorites ----------- Power Ion Engine Engine Ion Engine Propulsion Light Treads Treads Light Treads Wheel Compact Wheel Utility Large Storage Unit Device Heat Sink Storage Large Storage Unit Weapon Beam Cannon Energy Gun Small Laser Energy Cannon Beam Cannon Ballistic Gun Light Assault Rifle Ballistic Cannon Light Cannon Launcher Grenade Launcher Build | -11 -10 -10 ------- Run | Yrd Mat Min Slots Evolved . | . . . Power . | . . . Propulsion . | . . . Utility . | . . . Weapon . | . . . Parts Attached 26 | 7 16 3 Power 2 | 1 1 . Engine 2 | 1 1 . Core . | . . . Reactor . | . . . Propulsion 6 | 2 4 . Treads 2 | 1 1 . Leg . | . . . Wheel 4 | 1 3 . Hover . | . . . Flight . | . . . Utility 4 | 2 2 . Device 2 | 1 1 . Storage 2 | 1 1 . Processor . | . . . Hackware . | . . . Protection . | . . . Artifact . | . . . Weapon 14 | 2 9 3 Energy Gun 4 | 1 2 1 Energy Cannon 2 | . 2 . Ballistic Gun 4 | 1 2 1 Ballistic Cannon 1 | . 1 . Launcher 3 | . 2 1 Special Weapon . | . . . Impact Weapon . | . . . Slashing Weapon . | . . . Piercing Weapon . | . . . Special Melee Weapon . | . . . Unidentified Prototypes . | . . . Parts Lost 7 | . 1 6 Power 1 | . . 1 Propulsion 2 | . . 2 Utility 2 | . 1 1 Weapon 2 | . . 2 Highest Loss Streak 6 | . 1 6 To Critical Strikes . | . . . Average Slot Usage (%) 95 | . 97 79 Engine 13 | . 14 9 Treads 13 | . 14 9 Wheel 13 | . 14 12 Device 11 | . 11 8 Storage 14 | . 14 14 Energy Gun 4 | . 4 2 Energy Cannon 9 | . 9 9 Ballistic Gun 3 | . 4 1 Ballistic Cannon 9 | . 9 7 Launcher 1 | . . 3 Peak Build Rating 10 | 7 9 10 Average Rating 7 | 5 8 8 On Entrance 5 | . 7 9 Naked Turns . | . . . Heaviest Build 33 | 11 32 33 Greatest Support 20 | 20 20 16 Greatest Overweight (x) 2 | 1 2 2 Average Overweight (x) 1 | . 1 1 Largest Inventory Capacity 15 | 8 15 15 Average Capacity 13 | 7 14 15 Most Carried 15 | 4 15 15 Average Carried 11 | 2 11 14 Final Capacity 15 | 8 15 15 Final Carried 15 | 4 15 14 Class Distribution -------------------- 100% | Mutant Dominant Class ---------------- Mutant | -10/Materials Mutant | -10/Mines Resources | -11 -10 -10 ----------- Run | Yrd Mat Min Matter Collected 729 | 282 314 133 Remotely . | . . . Salvage Created 860 | 171 651 38 Parts 69 | 14 55 . Haulers Intercepted 2 | . 2 . Recyclers Shooed 1 | . . 1 Parts Field Recycled . | . . . Retrieved Matter . | . . . Parts Self-Destructed . | . . . Prevented . | . . . Kills | -11 -10 -10 ------- Run | Yrd Mat Min Combat Hostiles Destroyed 29 | . 15 14 Cannons 3 | . 3 . AOE 26 | . 12 14 Classes Destroyed 9 | 2 6 1 Builder 2 | . 2 . Tunneler 4 | 4 . . Hauler 2 | . 2 . Recycler 3 | 1 2 . Operator 2 | . 2 . Watcher 3 | . 3 . Swarmer 3 | . 3 . Grunt 12 | . 12 . Assembled 14 | . . 14 Best Kill Streak 17 | 5 17 14 Combat Bots Only 14 | . 12 14 Max Kills in Single Turn 5 | 1 4 5 Gunslinging . | . . . Exploded 5 | . 2 5 Melee . | . . . Uniques/NPCs Destroyed . | . . . Combat | -11 -10 -10 -------- Run | Yrd Mat Min Hostile Shots Fired 77 | . 39 38 Missed 27 | . 16 11 Damage Taken 1167 | . 331 836 Core 256 | . 68 188 Absorbed by Shields . | . . . Core Remaining (%) 100 | 100 . . Volleys Fired 67 | 12 36 19 Largest 2 | 2 2 2 Hottest 95 | 60 95 79 Shots Fired 101 | 24 53 24 Gun 38 | 24 2 12 Cannon 33 | . 33 . Launcher 30 | . 18 12 Special . | . . . Kinetic 34 | 12 17 5 Thermal 37 | 12 18 7 Explosive 30 | . 18 12 Electromagnetic . | . . . Robot Hit Streak 12 | 3 12 4 Robot Miss Streak 5 | 3 2 5 Penetration Max . | . . . Secondary Targets . | . . . Shots Hit Robots 47 | 13 26 8 Core Hits 69 | 9 35 25 Critical Kills . | . . . Critical Parts Destroyed . | . . . Critical Strikes . | . . . Melee Attacks . | . . . Impact . | . . . Slashing . | . . . Piercing . | . . . Sneak Attacks . | . . . Combat Hostiles . | . . . Follow-up Attacks . | . . . Damage Inflicted 2382 | 143 1385 854 Guns 244 | 143 12 89 Cannons 340 | . 340 . Explosions 1798 | . 1033 765 Melee . | . . . Ramming . | . . . Kinetic 281 | 54 182 45 Thermal 303 | 89 170 44 Explosive 1798 | . 1033 765 Electromagnetic . | . . . Impact . | . . . Slashing . | . . . Piercing . | . . . Highest Corruption . | . . . Average Corruption . | . . . Corruption Purged . | . . . Corruption Blocked . | . . . Overload Shots . | . . . Overflow Damage 92 | . 37 55 Projectiles 13 | . 13 . Explosions 79 | . 24 55 Melee . | . . . Knockbacks 3 | . 3 . Impact . | . . . Kinetic 3 | . 3 . Secondary . | . . . Self-Inflicted Damage 85 | . 11 74 Shots 6 | . 2 4 Rammed . | . . . Targets Rammed . | . . . Kicked . | . . . Crushed . | . . . Highest Temperature 40 | 40 30 15 Average Temperature 9 | 18 7 5 Received Heat Transfer 179 | . 159 20 Siege Activations . | . . . Robots Corrupted . | . . . Combat Hostiles . | . . . Parts Fried . | . . . Impact Corruptions . | . . . Robots Melted . | . . . Combat Hostiles . | . . . Parts Melted . | . . . Heat Transferred 681 | 200 370 111 Parts Sabotaged . | . . . Parts Stolen . | . . . Parts Stripped . | . . . Power Chain Reactions . | . . . Alert | -11 -10 -10 ------- Run | Yrd Mat Min Peak Influence 536 | 25 536 123 Initial 85 | . 16 85 Average 234 | 7 277 97 Maximum Alert Level 2 | . 2 . Low Security (%) 39 | 100 24 100 Level 1 43 | . 54 . Level 2 16 | . 20 . Level 3 . | . . . Level 4 . | . . . Level 5 . | . . . High Security . | . . . Max Security . | . . . Squads Dispatched 2 | . 2 . Investigation 1 | . 1 . Extermination . | . . . Reinforcement 1 | . 1 . Assault . | . . . Garrison . | . . . Intercept . | . . . Searches Triggered . | . . . Construction Impeded . | . . . Haulers Reinforced . | . . . Active Scanning Responses . | . . . Cargo Convoy Interrupts . | . . . Stealth | -11 -10 -10 --------- Run | Yrd Mat Min Distress Signals 3 | . 2 1 Communications Jammed . | . . . Distress Signals . | . . . Times Spotted 45 | . 23 22 Peak Tracking Total 17 | . 8 17 Tactical Retreats 1 | . . 1 Traps | -11 -10 -10 ------- Run | Yrd Mat Min Traps Triggered 3 | . 3 . Indirectly . | . . . Trap Hack Attempts . | . . . Triggered . | . . . Disarmed . | . . . Reprogrammed . | . . . Reused . | . . . Traps Extracted . | . . . Installed . | . . . Triggered . | . . . Machines | -11 -10 -10 ---------- Run | Yrd Mat Min Machines Disabled 5 | . 5 . Max in Single Turn 2 | . 2 . Machines Repaired . | . . . Machines Dismantled . | . . . Machines Sabotaged . | . . . Overloaded Fab Kills . | . . . Hacking | -11 -10 -10 --------- Run | Yrd Mat Min Machines Accessed 5 | . 5 . Terminals 5 | . 5 . Fabricators . | . . . Repair Stations . | . . . Recycling Units . | . . . Scanalyzers . | . . . Garrison Access . | . . . Total Hacks 17 | . 17 . Successful 9 | . 9 . Failed 8 | . 8 . Catastrophic 1 | . 1 . Database Lockouts . | . . . Manual 17 | . 17 . Terminals 17 | . 17 . Fabricators . | . . . Repair Stations . | . . . Recycling Units . | . . . Scanalyzers . | . . . Garrison Access . | . . . Terminal Hacks 1 | . 1 . Unreport Threat 1 | . 1 . Fabricator Hacks . | . . . Repair Station Hacks . | . . . Recycling Unit Hacks . | . . . Scanalyzer . | . . . Garrison Access Hacks . | . . . Unauthorized Hacks 8 | . 8 . Terminals 8 | . 8 . Botnet 4 | . 4 . Operators 1 | . 1 . Skim 3 | . 3 . Fabricators . | . . . Repair Stations . | . . . Recycling Units . | . . . Scanalyzers . | . . . Garrison Access . | . . . Data Cores Recovered 1 | . 1 . Used 1 | . 1 . Hacking Detections 5 | . 5 . Full Trace Events . | . . . Feedback Events . | . . . Feedback Blocked . | . . . Robot Schematics Acquired . | . . . Robots Built . | . . . Authchips . | . . . Time . | . . . Total Robot Build Rating . | . . . Part Schematics Acquired . | . . . Parts Built . | . . . Authchips . | . . . Time . | . . . Total Part Build Rating . | . . . Parts Repaired . | . . . Time . | . . . Parts Recycled . | . . . Recycled Matter . | . . . Retrieved Matter . | . . . Retrieved Components . | . . . Parts Scanalyzed . | . . . Part Schematics Acquired . | . . . Parts Damaged . | . . . Bothacking | -11 -10 -10 ------------ Run | Yrd Mat Min Used RIF Installer . | . . . Robots Hacked . | . . . Non-combat . | . . . Combat . | . . . Robot Hacks Applied . | . . . Relay Couplers Released . | . . . Fabnet Peak Effective % . | . . . Robots Rewired . | . . . Allies Hacked . | . . . Hacks Repelled . | . . . Allies | -11 -10 -10 -------- Run | Yrd Mat Min Total Allies . | . . . Largest Group . | . . . Highest-Rated Group . | . . . Highest-Rated Ally . | . . . Total Orders . | . . . Ally Attacks . | . . . Total Damage . | . . . Kills . | . . . Allies Corrupted . | . . . Allies Melted . | . . . Intel | -11 -10 -10 ------- Run | Yrd Mat Min Robot Analysis Total . | . . . Derelict Logs Recovered . | . . . Drone Launches . | . . . Drone Recoveries . | . . . Exploration | -11 -10 -10 ------------- Run | Yrd Mat Min Turns Passed 1330 | 115 1072 143 Spaces Moved 936 | 56 797 83 Core 1 | 1 . . Treads 29 | 21 8 . Legs . | . . . Wheels 906 | 34 789 83 Hover . | . . . Flight . | . . . Fastest Speed 50 | 50 95 115 Average Speed 113 | 111 112 115 Slowest Speed 240 | 160 240 130 Overloaded Moves . | . . . Propulsion Burnouts . | . . . Robots Hopped . | . . . Cave-ins Triggered . | . . . Exploration Rate (%) 41 | 4 98 21 Regions Visited 2 Branch Regions 1 Pre-discovered Areas . | . . . Known Exits Taken . | . . . Unknown Exits Taken 2 | 1 1 . Scrap Searched . | . . . Spaces Dug 13 | . 13 . Terrain Destroyed 175 | . 104 71 Melee . | . . . Projectile . | . . . AOE 175 | . 104 71 Terrain Rammed . | . . . Walls Destroyed . | . . . Machines Disabled . | . . . Actions | -11 -10 -10 --------- Run | Yrd Mat Min Total 1107 | 83 918 106 Wait 45 | 5 39 1 Move 934 | 55 796 83 Hop . | . . . Pick Up 23 | 4 19 . Fast Attach 7 | 7 . . Attach 2 | . 1 1 Detach . | . . . Swap 17 | . 15 2 Drop 12 | . 12 . Fire 67 | 12 36 19 Melee . | . . . Ram . | . . . Kick . | . . . Crush . | . . . Escape Stasis . | . . . Rewire . | . . . Trap . | . . . Miscellaneous . | . . . Route ------- -11/Scrapyard -10/Materials (discovered 4 exits: [*Mat x3] / [*Min]) -10/Mines (discovered 1 exit: [*Mat]) History --------- Turn | Location | Event 2 | -11/Scrapyard | Met Revision 17 28 | -11/Scrapyard | Discovered new exit (range 15) 116 | -11/Scrapyard | Entered Materials 214 | -10/Materials | Discovered new exit (range 6) 301 | -10/Materials | Build established: Mutant 321 | -10/Materials | Destroyed 12 combat bots 519 | -10/Materials | Discovered new exit (range 14) 809 | -10/Materials | Discovered new exit (range 16) 1053 | -10/Materials | Discovered new exit (range 16) 1188 | -10/Materials | Entered Mines 1195 | -10/Mines | Met a Derelict bent on vengeance 1211 | -10/Mines | Discovered new exit (range 12) 1254 | -10/Mines | Assembled infested the area 1259 | -10/Mines | Assisted by a Guerilla fighting off Assembled 1293 | -10/Mines | Core integrity fell below 50% 1324 | -10/Mines | Destroyed 14 combat bots 1324 | -10/Mines | Core integrity fell below 20% 1331 | -10/Mines | Destroyed by D-53 Grenadier with Mini Grenade Launcher Last Messages --------------- 01304_ The unstable cave ceiling collapses. 01304_ R-06 Scavenger collects Cmb. Airjet. 01305_ The unstable cave ceiling collapses. 01308_ R-06 Scavenger collects Imp. Light Armor Plating. 01310_ The unstable cave ceiling collapses. 01311_ R-06 Scavenger sends out distress signal. 01313_ The unstable cave ceiling collapses. 01317_ Acquired 99 matter. 01318_ The unstable cave ceiling collapses. 01319_ Com. Wheel destroyed. 01321_ U-05 Engineer builds a Wall. 01325_ The unstable cave ceiling collapses. 01325_ U-05 Engineer lays Concrete. 01326_ The unstable cave ceiling collapses. 01326_ U-05 Engineer builds a Wall. 01327_ Hvy. Assault Rifle destroyed. 01329_ The unstable cave ceiling collapses. 01330_ U-05 Engineer builds a Wall. 01331_ The unstable cave ceiling collapses. 01331_ K-01 Serf cleans the Matter Pump. Map ----- +----------------------------------------------------+ | ?????????????????????????????????????????????????? | | ?????????????????????????????????????????????????? | | ??????????????????#??????????????????????????????? | | ???????????????? ##"?????????????????????????????? | | ??????????????? #????????????????#?????????? | | ???????????????? ##????###?????? #?????????? | | ?????????????????# ? ##???? ##????????? | | ??????????????????# ##?? #????????? | | ??????????????????? ## ????????? | | ??????????????????? #????????? | | ???????????????????? ##???????? | | ???????????????????? # ????????? | | ????????????????????? # ?????????????? | | ????????????????????? #?????????????????? | | ?????????????????????# ## #?????????????????? | | ?????????????????????## ##?????????????????? | | ?????????????????????# # # ##?????????????????? | | ????????????????????## ## #?????????????????? | | ????????????????????# # #?????????????????? | | ????????????????????## # # ##?????????????????? | | ????????????????????# ##?????????????????? | | ????????????????????# #??????????????????? | | ????????????????????# ##??????????????????? | | ????????????????????# #??????????????????? | | ?????????????###????## #??????????????????? | | ?????????????# ##???#d @ #??????????????????? | | ?????????????# ##??# #??????????????????? | | ?????????????# #### # #??????????????????? | | ?????????????## u ##??????????? ????? | | ??????????????# ###?????????? ????? | | ??????????????## < ##??????????? ?????? | | ???????????????#### ##???????? ""??????? | | ??????????????????## """ ######## """?????? | | ???????????????????# """ """?????? | | ??????????????????## """ ??? | | ??????????????????# k #### ##### #??? | | ??????????????????# ## ##??# #????????????????? | | ??????????????????#########???# #????????????????? | | ??????????????????????????????# #????????????????? | | ??????????????????????????????# ###########??????? | | ??????????????????????????????# #??????? | | ??????????????????????????????########### #??????? | | ???????????????????????????????????###### ##?????? | | ???????????????????????????????????# #?????? | | ???????????????????????????????????# #?????? | | ???????????????????????????????????# #?????? | | ???????????????????????????????????# #?????? | | ???????????????????????????????????# #?????? | | ???????????????????????????????????# #?????? | | ???????????????????????????????????#########?????? | +----------------------------------------------------+ Best States ------------- Heat Dissipation 35 Energy Generation 10 Energy Capacity 250 Matter Stores 300 Matter Capacity 300 Sight Range 16 Terrain Scan Density 10 Evasion (%) 44 Recoil Reduction 1 Item Schematics ----------------- None Robot Schematics ------------------ None Fabricated ------------ Nothing Alien Tech Used ----------------- None Achievements -------------- None Challenges ------------ None Game ------ Seed VortexAngularBlaster Manual? 0 Play Time 00:16:57 Cumulative 75.1 hours Start 2024.10.07 @ 12:35:13 End 2024.10.07 @ 13:02:33 Sessions 1 Manual Loads 0 Difficulty Rogue Special Mode None Game No. 125 Rogue 97 Adventurer 28 Explorer 0 Win Type - Total 0 Types 0/0/0/0/0/0/0/0/0 Lore% 15 Gallery% 29 Achievement% 31 Wizard Run 0 Options --------- Layout 0 ASCII 0 Keyboard 0 Movement Numpad Keybinds 0 Fullscreen 1 Font 36/Smallcaps Map View 76x50 Zoom Use 0% Tactical HUD 1 Map Filters NONE Filters NONE Steam 1 RUN: e8a8cbbf-5ba0-4e7a-89d5-06a96f4b04b3